RedWings vs MapleLeafs

Created - Monday, April 04, 2016 at 02:38

Goals
1 2 3 T
RedWings 1 0 2 3
MapleLeafs 2 3 1 6
Shots
1 2 3 T
RedWings 9 7 15 31
MapleLeafs 14 14 6 34

1st period

1. MapleLeafs , Patrick Sharp 26 (Erik Gudbranson, Dainius Zubrus) at 5:13
2. RedWings , Adam Burish 2 (Joffrey Lupul) at 12:46
3. MapleLeafs , Drew Doughty 13 (James Neal, Mikko Koivu) at 16:31 (PP)

Penalties :
Patrick Sharp (Tor) for Tripping (Minor) at 2:53, Zach Redmond (Det) for Hooking (Minor) at 15:01

2nd period

4. MapleLeafs , Patrick Sharp 27 (Bobby Ryan, Brandon Sutter) at 4:59 (PP)
5. MapleLeafs , James Neal 51 (Mikko Koivu) at 12:20 (PP)
6. MapleLeafs , Justin Williams 26 (Marc-Edouard Vlasic) at 19:15

Penalties :
Jakub Kindl (Det) for Hooking (Minor) at 4:03, Dainius Zubrus (Tor) for Interference (Minor) at 5:10, Mark Pysyk (Det) for Hooking (Minor) at 8:37, Adam Burish (Det) for Hooking (Minor) at 11:44, Drew Doughty (Tor) for Hooking (Minor) at 13:35

3rd period

7. RedWings , Steve Bernier 15 (Bryan Bickell, Mark Letestu) at 11:23
8. MapleLeafs , Justin Williams 27 (Dainius Zubrus) at 12:22
9. RedWings , Steve Bernier 16 (Mark Letestu, Bryan Bickell) at 15:32

Penalties :
Mikko Koivu (Tor) for Slashing (Minor) at 5:37, Erik Gudbranson (Tor) for Fighting (Major) at 14:12, Eric Gryba (Det) for Fighting (Major) at 14:12

Goalie Stats

Anton Forsberg (Det), 28 saves from 34 shots - (0.824), L, 1-3-1, 60:00 minutes
Cory Schneider (Tor), 28 saves from 31 shots - (0.903), W, 39-25-2, 60:00 minutes

Players Stats for RedWings

Player Name              G  A  P  +/- PIM S  H  SB GA TA FO     MP     PP MP  PK MP  
------------------------------------------------------------------------------------
Aaron Ekblad             0  0  0   0  0   4  2  1  1  2  0/0    28:10   4:42   4:05 
Adam Burish              1  0  1   1  2   1  1  0  1  0  0/0     6:31   0:00   0:00 
Andrew Shaw              0  0  0  -1  0   3  2  0  2  1  0/1    20:32   3:56   4:20 
Brian Gibbons            0  0  0  -1  0   0  0  0  0  0  1/8    14:17   0:00   0:00 
Bryan Bickell            0  2  2   1  0   2  4  0  3  0  1/1    17:22   4:00   0:00 
Chris VandeVelde         0  0  0  -1  0   0  0  1  2  0  0/0    14:17   0:00   0:00 
Eric Gryba               0  0  0   0  5   1  0  1  0  3  0/0    12:10   0:00   0:00 
Jakub Kindl              0  0  0   0  2   0  1  4  0  0  0/0    27:00   4:42   1:54 
Jamie McGinn             0  0  0  -1  0   4  2  0  0  1  0/3    20:32   3:56   4:20 
Joffrey Lupul            0  1  1   0  0   4  2  0  5  0  5/24   21:52   3:56   0:00 
Jyrki Jokipakka          0  0  0   0  0   2  0  1  0  1  0/0    13:01   0:00   0:00 
Mark Letestu             0  2  2   1  0   4  0  1  0  2  10/21  19:05   4:00   0:41 
Mark Pysyk               0  0  0   0  2   0  1  1  0  1  0/0    19:58   3:14   2:06 
Olli Jokinen             0  0  0   0  0   0  0  0  0  0  0/0     0:00   0:00   0:00 
Ryan White               0  0  0   1  0   0  0  1  1  1  0/0     6:06   0:00   0:00 
Steve Bernier            2  0  2   1  0   5  2  1  3  1  1/3    19:05   4:00   0:41 
Tomas Jurco              0  0  0  -1  0   1  0  1  3  0  0/0    14:17   0:00   0:00 
Zach Redmond             0  0  0   0  2   0  3  3  1  2  0/0    20:39   3:14   1:57 

Players Stats for MapleLeafs

Player Name              G  A  P  +/- PIM S  H  SB GA TA FO     MP     PP MP  PK MP  
------------------------------------------------------------------------------------
Bobby Ryan               0  1  1  -2  0   0  1  1  1  1  0/0    17:36   2:11   0:58 
Brandon Sutter           0  1  1  -2  0   3  0  1  2  1  11/15  23:15   2:11   6:36 
Carl Gunnarsson          0  0  0   0  0   0  0  0  0  0  0/0     0:00   0:00   0:00 
Dainius Zubrus           0  2  2   2  2   0  3  1  0  0  8/16   14:08   0:00   0:29 
Dan Girardi              0  0  0   0  0   1  4  2  0  1  0/0    22:01   0:00   6:15 
Dominic Moore            0  0  0   2  0   0  1  2  1  0  2/3    18:41   0:00   5:40 
Drew Doughty             1  0  1   0  2   3  10 1  1  2  0/0    25:32   3:29   4:27 
Erik Gudbranson          0  1  1   0  5   0  1  1  0  2  0/0    12:34   0:00   1:04 
James Neal               1  1  2   0  0   5  0  0  5  0  1/1    15:34   2:50   0:00 
James van Riemsdyk       0  0  0   0  0   1  0  0  2  1  2/2    15:34   2:50   0:00 
Jeff Skinner             0  0  0  -1  0   0  0  0  1  0  0/0     6:30   0:00   0:00 
Justin Williams          2  0  2   2  0   4  0  0  5  1  0/1    14:40   0:00   1:40 
Karl Alzner              0  0  0   0  0   2  1  0  0  1  0/0    20:46   1:32   1:41 
Marc-Edouard Vlasic      0  1  1   0  0   2  1  4  0  2  0/0    24:23   3:29   2:25 
Mikko Koivu              0  2  2   0  2   4  0  0  3  0  16/18  21:45   2:50   0:00 
Morgan Rielly            0  0  0   0  0   1  0  0  0  1  0/0    14:54   1:32   0:00 
Patrick Sharp            2  0  2  -1  2   7  3  0  5  0  0/1    16:46   2:11   0:00 
Shawn Matthias           0  0  0   0  0   1  0  0  1  0  3/4     7:20   0:00   0:29 

3 Stars

1 - Steve Bernier (Det)
2 - Justin Williams (Tor)
3 - Drew Doughty (Tor)

Power Play

RedWings - 0 on 4 Attempt(s) - 0.00%
MapleLeafs - 3 on 4 Attempt(s) - 75.00%

Penalty Kill

RedWings - 1 on 4 Attempt(s) - 25.00% - Score 0 goal in Penalty Kill
MapleLeafs - 4 on 4 Attempt(s) - 100.00% - Score 0 goal in Penalty Kill

Team Stat

RedWings - Hits : 20 - Faceoff Wins : 18 - Blocked Shots : 16 - Penalty Minutes : 13
MapleLeafs - Hits : 25 - Faceoff Wins : 43 - Blocked Shots : 13 - Penalty Minutes : 13

Official

Referees : Unknown
Linesman : Unknown

Game Notes

Eric Gryba beats up Erik Gudbranson at 14:12 of 3rd period

Finance

Level 1 -- Attendance: 3199 (53.32%) -- Ticket Income $431,865
Level 2 -- Attendance: 2650 (53.00%) -- Ticket Income $225,250
Level 3 -- Attendance: 1060 (53.00%) -- Ticket Income $50,880
Level 4 -- Attendance: 2120 (53.00%) -- Ticket Income $61,480
Luxury Box -- Attendance: 586 (58.60%) -- Ticket Income $134,194
Game was played at the Air Canada Centre.
Total Attendance: 9615 (53.42%)
Total Ticket Income: $903,669
Other Income: $442,798
Total Income: $1,346,467

RedWings

5 vs 5 Forward 
   Center                   Left Wing                Right Wing               Time % Phy DF OF 
 1 Joffrey Lupul            Jamie McGinn             Andrew Shaw              35     1   2  2  
 2 Mark Letestu             Bryan Bickell            Steve Bernier            30     1   2  2  
 3 Brian Gibbons            Chris VandeVelde         Tomas Jurco              22     1   2  2  
 4 Joffrey Lupul            Ryan White               Adam Burish              13     1   2  2  

5 vs 5 Defense 
   Defense                  Defense                                           Time % Phy DF OF 
 1 Aaron Ekblad             Jakub Kindl                                       35     1   2  2  
 2 Zach Redmond             Mark Pysyk                                        30     1   2  2  
 3 Eric Gryba               Jyrki Jokipakka                                   22     1   2  2  
 4 Aaron Ekblad             Jakub Kindl                                       13     1   2  2  

PowerPlay Forward 
   Center                   Left Wing                Right Wing               Time % Phy DF OF 
 1 Joffrey Lupul            Jamie McGinn             Andrew Shaw              60     1   2  2  
 2 Mark Letestu             Bryan Bickell            Steve Bernier            40     1   2  2  

PowerPlay Defense
   Defense                  Defense                                           Time % Phy DF OF 
 1 Aaron Ekblad             Jakub Kindl                                       60     1   2  2  
 2 Zach Redmond             Mark Pysyk                                        40     1   2  2  

Penalty Kill 4 Players Forward 
   Center                   Wing                     Time % Phy DF OF 
 1 Jamie McGinn             Andrew Shaw              60     1   2  2  
 2 Mark Letestu             Steve Bernier            40     1   2  2  

Penalty Kill 4 Players Defense
   Defense                  Defense                  Time % Phy DF OF 
 1 Aaron Ekblad             Jakub Kindl              60     1   2  2  
 2 Zach Redmond             Mark Pysyk               40     1   2  2  

Penalty Kill - 3 Players Forward 
   Forward                                           Time % Phy DF OF 
 1 Steve Bernier                                     60     1   2  2  
 2 Andrew Shaw                                       40     1   2  2  

Penalty Kill - 3 Players Defense
   Defense                  Defense                  Time % Phy DF OF 
 1 Aaron Ekblad             Jakub Kindl              60     1   2  2  
 2 Zach Redmond             Mark Pysyk               40     1   2  2  

4 vs 4 Forward 
   Center                   Wing                     Time % Phy DF OF 
 1 Jamie McGinn             Andrew Shaw              60     1   2  2  
 2 Mark Letestu             Steve Bernier            40     1   2  2  

4 vs 4 Defense
   Defense                  Defense                  Time % Phy DF OF 
 1 Aaron Ekblad             Jakub Kindl              60     1   2  2  
 2 Zach Redmond             Mark Pysyk               40     1   2  2  

Last Minutes Offensive
   Center                   Left Wing                Right Wing               Defense                  Defense                  
   Joffrey Lupul            Jamie McGinn             Andrew Shaw              Aaron Ekblad             Jakub Kindl              

Last Minutes Defensive
   Center                   Left Wing                Right Wing               Defense                  Defense                  
   Joffrey Lupul            Jamie McGinn             Andrew Shaw              Aaron Ekblad             Jakub Kindl              

Goaltenders
Starting : Anton Forsberg           
Backup : Cam Talbot               

Extra Forwards
Normal : Brian Gibbons, Chris VandeVelde, Tomas Jurco - PP : Brian Gibbons, Chris VandeVelde - PK : Tomas Jurco
Extra Defensemen
Normal : Aaron Ekblad, Jakub Kindl, Zach Redmond - PP : Aaron Ekblad - PK : Jakub Kindl, Zach Redmond
Penalty Shots
Joffrey Lupul, Andrew Shaw, Mark Letestu, Steve Bernier, Jamie McGinn

MapleLeafs

5 vs 5 Forward 
   Center                   Left Wing                Right Wing               Time % Phy DF OF 
 1 Mikko Koivu              James van Riemsdyk       James Neal               35     1   2  2  
 2 Brandon Sutter           Bobby Ryan               Patrick Sharp            30     1   2  2  
 3 Dainius Zubrus           Dominic Moore            Justin Williams          20     1   2  2  
 4 Shawn Matthias           Jeff Skinner             Mikko Koivu              15     0   2  3  

5 vs 5 Defense 
   Defense                  Defense                                           Time % Phy DF OF 
 1 Drew Doughty             Dan Girardi                                       40     1   2  2  
 2 Marc-Edouard Vlasic      Karl Alzner                                       35     1   2  2  
 3 Morgan Rielly            Erik Gudbranson                                   25     1   2  2  
 4 Drew Doughty             Marc-Edouard Vlasic                               0      1   2  2  

PowerPlay Forward 
   Center                   Left Wing                Right Wing               Time % Phy DF OF 
 1 Mikko Koivu              James van Riemsdyk       James Neal               60     0   1  4  
 2 Brandon Sutter           Bobby Ryan               Patrick Sharp            40     0   1  4  

PowerPlay Defense
   Defense                  Defense                                           Time % Phy DF OF 
 1 Drew Doughty             Marc-Edouard Vlasic                               75     0   2  3  
 2 Morgan Rielly            Karl Alzner                                       25     0   2  3  

Penalty Kill 4 Players Forward 
   Center                   Wing                     Time % Phy DF OF 
 1 Brandon Sutter           Dominic Moore            65     0   5  0  
 2 Dainius Zubrus           Shawn Matthias           35     0   5  0  

Penalty Kill 4 Players Defense
   Defense                  Defense                  Time % Phy DF OF 
 1 Drew Doughty             Dan Girardi              70     0   5  0  
 2 Marc-Edouard Vlasic      Karl Alzner              30     0   5  0  

Penalty Kill - 3 Players Forward 
   Forward                                           Time % Phy DF OF 
 1 Dominic Moore                                     65     0   5  0  
 2 Brandon Sutter                                    35     0   5  0  

Penalty Kill - 3 Players Defense
   Defense                  Defense                  Time % Phy DF OF 
 1 Drew Doughty             Dan Girardi              70     0   5  0  
 2 Marc-Edouard Vlasic      Karl Alzner              30     0   5  0  

4 vs 4 Forward 
   Center                   Wing                     Time % Phy DF OF 
 1 Mikko Koivu              James van Riemsdyk       60     0   2  3  
 2 Patrick Sharp            James Neal               40     0   2  3  

4 vs 4 Defense
   Defense                  Defense                  Time % Phy DF OF 
 1 Drew Doughty             Dan Girardi              60     1   2  2  
 2 Marc-Edouard Vlasic      Karl Alzner              40     1   2  2  

Last Minutes Offensive
   Center                   Left Wing                Right Wing               Defense                  Defense                  
   Mikko Koivu              James van Riemsdyk       James Neal               Drew Doughty             Marc-Edouard Vlasic      

Last Minutes Defensive
   Center                   Left Wing                Right Wing               Defense                  Defense                  
   Mikko Koivu              James van Riemsdyk       James Neal               Drew Doughty             Marc-Edouard Vlasic      

Goaltenders
Starting : Cory Schneider           
Backup : Martin Jones             

Extra Forwards
Normal : Dainius Zubrus, Dominic Moore, Justin Williams - PP : Dainius Zubrus, Dominic Moore - PK : Justin Williams
Extra Defensemen
Normal : Morgan Rielly, Erik Gudbranson, Marc-Edouard Vlasic - PP : Morgan Rielly - PK : Erik Gudbranson, Marc-Edouard Vlasic
Penalty Shots
Mikko Koivu, James van Riemsdyk, James Neal, Brandon Sutter, Bobby Ryan

% Time on Ice - RedWings

Lines # - Real PCT - Wanted PCT - Time Play
Normal Forward
1 - 26% - 35% - 12:16
2 - 31% - 30% - 14:24
3 - 30% - 22% - 14:17
4 - 13% - 13% - 6:06
Normal Defense
1 - 34% - 35% - 15:56
2 - 31% - 30% - 14:39
3 - 28% - 22% - 13:01
4 - 7% - 13% - 3:27
PP Forward
1 - 50% - 60% - 3:56
2 - 50% - 40% - 4:00
PP Defense
1 - 59% - 60% - 4:42
2 - 41% - 40% - 3:14
PK Forward
1 - 86% - 60% - 4:20
2 - 14% - 40% - 0:41
PK Defense
1 - 50% - 60% - 2:30
2 - 50% - 40% - 2:31
PK3 Forward
1 - 0% - 60%
2 - 0% - 40%
PK3 Defense
1 - 0% - 60%
2 - 0% - 40%
44 Forward
1 - 0% - 60%
2 - 0% - 40%
44 Defense
1 - 0% - 60%
2 - 0% - 40%
Last Minute Offensive  - 0:00
Last Minute Defensive  - 0:00
Total
Forward - 60:00
Defense - 60:00

% Time on Ice - MapleLeafs

Lines # - Real PCT - Wanted PCT - Time Play
Normal Forward
1 - 28% - 35% - 12:57
2 - 31% - 30% - 14:36
3 - 28% - 20% - 13:00
4 - 14% - 15% - 6:30
Normal Defense
1 - 34% - 40% - 16:08
2 - 37% - 35% - 17:33
3 - 28% - 25% - 13:22
4 - 0% - 0% - 0:00
PP Forward
1 - 56% - 60% - 2:50
2 - 44% - 40% - 2:11
PP Defense
1 - 69% - 75% - 3:29
2 - 31% - 25% - 1:32
PK Forward
1 - 94% - 65% - 7:27
2 - 6% - 35% - 0:29
PK Defense
1 - 79% - 70% - 6:15
2 - 21% - 30% - 1:41
PK3 Forward
1 - 0% - 65%
2 - 0% - 35%
PK3 Defense
1 - 0% - 70%
2 - 0% - 30%
44 Forward
1 - 0% - 60%
2 - 0% - 40%
44 Defense
1 - 0% - 60%
2 - 0% - 40%
Last Minute Offensive  - 0:00
Last Minute Defensive  - 0:00
Total
Forward - 60:00
Defense - 60:00

Play by Play

1st period


0:01 of 1st period - Mikko Koivu wins face-off versus Joffrey Lupul in neutral zone.
0:38 of 1st period - Snap shot by James Neal.
0:38 of 1st period - Stopped by Anton Forsberg with a rebound.
1:03 of 1st period - Wrist shot by Patrick Sharp.
1:03 of 1st period - Shot Misses the Net.
1:09 of 1st period - Karl Alzner is hit by Bryan Bickell and loses puck.
1:38 of 1st period - Slapshot by Marc-Edouard Vlasic.
1:38 of 1st period - Shot Misses the Net.
1:40 of 1st period - Snap shot by Dominic Moore.
1:40 of 1st period - Shot Misses the Net.
1:42 of 1st period - Backhand shot by Dainius Zubrus.
1:42 of 1st period - Shot Misses the Net.
2:05 of 1st period - Wrist shot by Morgan Rielly.
2:05 of 1st period - Shot Misses the Net.
2:17 of 1st period - Slapshot by Jeff Skinner.
2:17 of 1st period - Shot Misses the Net.
2:19 of 1st period - Snap shot by Shawn Matthias.
2:19 of 1st period - Stopped by Anton Forsberg without a rebound.
2:20 of 1st period - Joffrey Lupul wins face-off versus Shawn Matthias in RedWings zone.
2:27 of 1st period - Slapshot by Jeff Skinner.
2:27 of 1st period - Shot Misses the Net.
2:39 of 1st period - Snap shot by Joffrey Lupul.
2:39 of 1st period - Shot Misses the Net.
2:41 of 1st period - Snap shot by Jyrki Jokipakka.
2:41 of 1st period - Stopped by Cory Schneider without a rebound.
2:42 of 1st period - Brandon Sutter wins face-off versus Mark Letestu in MapleLeafs zone.
2:42 of 1st period - Brandon Sutter is hit by Bryan Bickell.
2:53 of 1st period - Minor Penalty to Patrick Sharp for Tripping.
2:54 of 1st period - Brandon Sutter wins face-off versus Joffrey Lupul in MapleLeafs zone.
2:54 of 1st period - Brandon Sutter is hit by Joffrey Lupul.
3:00 of 1st period - Jamie McGinn is hit by Drew Doughty and loses puck.
3:58 of 1st period - Marc-Edouard Vlasic is hit by Bryan Bickell and loses puck.
4:53 of 1st period - Penalty to Patrick Sharp is over, Patrick Sharp is back on ice.
5:01 of 1st period - Brian Gibbons is hit by Drew Doughty and loses puck.
5:13 of 1st period - Snap shot by Patrick Sharp.
5:13 of 1st period - Goal by Patrick Sharp - RedWings : 0 - MapleLeafs : 1.
5:14 of 1st period - Mikko Koivu wins face-off versus Brian Gibbons in neutral zone.
6:06 of 1st period - Jyrki Jokipakka is hit by Patrick Sharp and loses puck.
6:25 of 1st period - Snap shot by Joffrey Lupul.
6:25 of 1st period - Shot Misses the Net.
6:27 of 1st period - Slapshot by Mark Pysyk.
6:27 of 1st period - Deflect By Jamie McGinn.
6:27 of 1st period - Stopped by Cory Schneider with a rebound.
7:01 of 1st period - Icing by Bryan Bickell.
7:02 of 1st period - Mikko Koivu wins face-off versus Mark Letestu in RedWings zone.
7:28 of 1st period - Off-side.
7:29 of 1st period - James van Riemsdyk wins face-off versus Joffrey Lupul in neutral zone.
7:40 of 1st period - Mikko Koivu is hit by Adam Burish and loses puck.
8:15 of 1st period - Snap shot by Justin Williams.
8:15 of 1st period - Shot Misses the Net.
8:48 of 1st period - Chris VandeVelde is hit by Dan Girardi and loses puck.
9:03 of 1st period - Wrist shot by Patrick Sharp.
9:03 of 1st period - Stopped by Anton Forsberg with a rebound.
9:15 of 1st period - Wrist shot by Mikko Koivu.
9:15 of 1st period - Deflect By Aaron Ekblad.
9:15 of 1st period - Shot Blocked by Jakub Kindl.
9:15 of 1st period - Puck is out of play.
9:16 of 1st period - Shawn Matthias wins face-off versus Mark Letestu in RedWings zone.
9:17 of 1st period - Snap shot by Mikko Koivu.
9:17 of 1st period - Shot Misses the Net.
9:21 of 1st period - Snap shot by Mikko Koivu.
9:21 of 1st period - Shot Blocked by Eric Gryba.
9:23 of 1st period - Slapshot by Shawn Matthias.
9:23 of 1st period - Shot Blocked by Steve Bernier.
9:25 of 1st period - Wrist shot by Mikko Koivu.
9:25 of 1st period - Shot Misses the Net.
9:27 of 1st period - Slapshot by Marc-Edouard Vlasic.
9:27 of 1st period - Stopped by Anton Forsberg with a rebound.
9:29 of 1st period - Slapshot by Karl Alzner.
9:29 of 1st period - Stopped by Anton Forsberg with a rebound.
9:31 of 1st period - Wrist shot by Mikko Koivu.
9:31 of 1st period - Stopped by Anton Forsberg without a rebound.
9:32 of 1st period - Mark Letestu wins face-off versus Dainius Zubrus in RedWings zone.
9:37 of 1st period - Wrist shot by Steve Bernier.
9:37 of 1st period - Shot Misses the Net.
9:39 of 1st period - Slapshot by Jyrki Jokipakka.
9:39 of 1st period - Shot Blocked by Marc-Edouard Vlasic.
9:41 of 1st period - Snap shot by Jyrki Jokipakka.
9:41 of 1st period - Stopped by Cory Schneider without a rebound.
9:42 of 1st period - Dainius Zubrus wins face-off versus Joffrey Lupul in MapleLeafs zone.
9:42 of 1st period - Dainius Zubrus is hit by Jamie McGinn.
10:04 of 1st period - Karl Alzner is hit by Mark Pysyk and loses puck.
10:27 of 1st period - Wrist shot by Patrick Sharp.
10:27 of 1st period - Stopped by Anton Forsberg without a rebound.
10:28 of 1st period - Brandon Sutter wins face-off versus Mark Letestu in RedWings zone.
10:55 of 1st period - Backhand shot by Patrick Sharp.
10:55 of 1st period - Shot Misses the Net.
10:57 of 1st period - Slapshot by Dan Girardi.
10:57 of 1st period - Deflect By Mark Letestu.
10:57 of 1st period - Stopped by Anton Forsberg with a rebound.
11:36 of 1st period - Chris VandeVelde is hit by Drew Doughty and loses puck.
12:05 of 1st period - Snap shot by Joffrey Lupul.
12:05 of 1st period - Stopped by Cory Schneider with a rebound.
12:07 of 1st period - Snap shot by Andrew Shaw.
12:07 of 1st period - Stopped by Cory Schneider without a rebound.
12:08 of 1st period - Dominic Moore wins face-off versus Joffrey Lupul in MapleLeafs zone.
12:15 of 1st period - Slapshot by Aaron Ekblad.
12:15 of 1st period - Stopped by Cory Schneider with a rebound.
12:17 of 1st period - Slapshot by Jakub Kindl.
12:17 of 1st period - Shot Misses the Net.
12:21 of 1st period - Slapshot by Aaron Ekblad.
12:21 of 1st period - Stopped by Cory Schneider without a rebound.
12:22 of 1st period - Joffrey Lupul wins face-off versus Brandon Sutter in MapleLeafs zone.
12:23 of 1st period - Backhand shot by Aaron Ekblad.
12:23 of 1st period - Deflect By Joffrey Lupul.
12:23 of 1st period - Shot Misses the Net.
12:23 of 1st period - Puck is out of play.
12:24 of 1st period - Brandon Sutter wins face-off versus Joffrey Lupul in MapleLeafs zone.
12:44 of 1st period - Snap shot by Joffrey Lupul.
12:44 of 1st period - Stopped by Cory Schneider with a rebound.
12:46 of 1st period - Snap shot by Adam Burish.
12:46 of 1st period - Goal by Adam Burish - RedWings : 1 - MapleLeafs : 1.
12:47 of 1st period - Mikko Koivu wins face-off versus Steve Bernier in neutral zone.
12:58 of 1st period - Snap shot by James Neal.
12:58 of 1st period - Stopped by Anton Forsberg without a rebound.
12:59 of 1st period - Mark Letestu wins face-off versus Mikko Koivu in RedWings zone.
13:47 of 1st period - Bobby Ryan is hit by Aaron Ekblad and loses puck.
15:01 of 1st period - Minor Penalty to Zach Redmond for Hooking.
15:02 of 1st period - Mikko Koivu wins face-off versus Andrew Shaw in RedWings zone.
15:27 of 1st period - Snap shot by Mikko Koivu.
15:27 of 1st period - Stopped by Anton Forsberg with a rebound.
15:29 of 1st period - Wrist shot by Mikko Koivu.
15:29 of 1st period - Stopped by Anton Forsberg with a rebound.
15:31 of 1st period - Snap shot by Drew Doughty.
15:31 of 1st period - Shot Blocked by Aaron Ekblad.
15:50 of 1st period - Mark Pysyk is hit by Drew Doughty and loses puck.
16:07 of 1st period - Snap shot by Patrick Sharp.
16:07 of 1st period - Shot Misses the Net.
16:09 of 1st period - Backhand shot by Bobby Ryan.
16:09 of 1st period - Shot Blocked by Mark Pysyk.
16:15 of 1st period - Wrist shot by Patrick Sharp.
16:15 of 1st period - Stopped by Anton Forsberg without a rebound.
16:16 of 1st period - Mikko Koivu wins face-off versus Mark Letestu in RedWings zone.
16:29 of 1st period - Slapshot by James Neal.
16:29 of 1st period - Shot Misses the Net.
16:31 of 1st period - Slapshot by Drew Doughty.
16:31 of 1st period - Goal by Drew Doughty - RedWings : 1 - MapleLeafs : 2.
16:32 of 1st period - Mark Letestu wins face-off versus Brandon Sutter in neutral zone.
18:07 of 1st period - Slapshot by Drew Doughty.
18:07 of 1st period - Deflect By Dainius Zubrus.
18:07 of 1st period - Shot Blocked by Jakub Kindl.
18:07 of 1st period - Puck is out of play.
18:08 of 1st period - Dainius Zubrus wins face-off versus Brian Gibbons in RedWings zone.
18:26 of 1st period - Dan Girardi is hit by Aaron Ekblad and loses puck.
18:45 of 1st period - Dominic Moore is hit by Jakub Kindl and loses puck.
19:14 of 1st period - Wrist shot by Patrick Sharp.
19:14 of 1st period - Shot Misses the Net.
19:16 of 1st period - Snap shot by Brandon Sutter.
19:16 of 1st period - Shot Misses the Net.
19:32 of 1st period - Brandon Sutter is hit by Bryan Bickell and loses puck.
19:45 of 1st period - Mark Letestu is hit by Patrick Sharp and loses puck.
Goals for this period are 1 for RedWings vs 2 for MapleLeafs.
Shots for this period are 9 for RedWings vs 14 for MapleLeafs.

2nd period


0:01 of 2nd period - Mikko Koivu wins face-off versus Joffrey Lupul in neutral zone.
0:06 of 2nd period - Snap shot by James Neal.
0:06 of 2nd period - Shot Misses the Net.
0:48 of 2nd period - Andrew Shaw is hit by Patrick Sharp and loses puck.
1:05 of 2nd period - Wrist shot by Patrick Sharp.
1:05 of 2nd period - Shot Misses the Net.
1:07 of 2nd period - Slapshot by Marc-Edouard Vlasic.
1:07 of 2nd period - Deflect By Bobby Ryan.
1:07 of 2nd period - Shot Blocked by Zach Redmond.
1:07 of 2nd period - Puck is out of play.
1:08 of 2nd period - Mark Letestu wins face-off versus Dainius Zubrus in RedWings zone.
2:02 of 2nd period - Eric Gryba is hit by Karl Alzner.
2:44 of 2nd period - Snap shot by Joffrey Lupul.
2:44 of 2nd period - Shot Blocked by Brandon Sutter.
2:48 of 2nd period - Snap shot by Joffrey Lupul.
2:48 of 2nd period - Stopped by Cory Schneider without a rebound.
2:49 of 2nd period - Mikko Koivu wins face-off versus Joffrey Lupul in MapleLeafs zone.
2:56 of 2nd period - Snap shot by James van Riemsdyk.
2:56 of 2nd period - Deflect By James Neal.
2:56 of 2nd period - Shot Blocked by Ryan White.
2:56 of 2nd period - Puck is out of play.
2:57 of 2nd period - James Neal wins face-off versus Steve Bernier in RedWings zone.
3:10 of 2nd period - Slapshot by James Neal.
3:10 of 2nd period - Stopped by Anton Forsberg without a rebound.
3:11 of 2nd period - Brandon Sutter wins face-off versus Mark Letestu in RedWings zone.
3:19 of 2nd period - Off-side.
3:20 of 2nd period - Brandon Sutter wins face-off versus Brian Gibbons in neutral zone.
3:31 of 2nd period - Slapshot by Patrick Sharp.
3:31 of 2nd period - Shot Misses the Net.
3:33 of 2nd period - Wrist shot by Karl Alzner.
3:33 of 2nd period - Deflect By Tomas Jurco.
3:33 of 2nd period - Stopped by Anton Forsberg with a rebound.
3:39 of 2nd period - Snap shot by Patrick Sharp.
3:39 of 2nd period - Shot Misses the Net.
3:53 of 2nd period - Backhand shot by Patrick Sharp.
3:53 of 2nd period - Shot Misses the Net.
4:03 of 2nd period - Minor Penalty to Jakub Kindl for Hooking.
4:04 of 2nd period - Mikko Koivu wins face-off versus Jamie McGinn in RedWings zone.
4:35 of 2nd period - Wrist shot by James van Riemsdyk.
4:35 of 2nd period - Shot Misses the Net.
4:59 of 2nd period - Snap shot by Patrick Sharp.
4:59 of 2nd period - Goal by Patrick Sharp - RedWings : 1 - MapleLeafs : 3.
5:00 of 2nd period - Steve Bernier wins face-off versus Dainius Zubrus in neutral zone.
5:10 of 2nd period - Minor Penalty to Dainius Zubrus for Interference.
5:11 of 2nd period - Brandon Sutter wins face-off versus Mark Letestu in MapleLeafs zone.
5:21 of 2nd period - Slapshot by Aaron Ekblad.
5:21 of 2nd period - Stopped by Cory Schneider with a rebound.
6:20 of 2nd period - Slapshot by Brandon Sutter.
6:20 of 2nd period - Stopped by Anton Forsberg with a rebound.
6:36 of 2nd period - Icing by Zach Redmond.
6:37 of 2nd period - Joffrey Lupul wins face-off versus Justin Williams in RedWings zone.
6:59 of 2nd period - Snap shot by Aaron Ekblad.
6:59 of 2nd period - Shot Blocked by Dominic Moore.
7:01 of 2nd period - Wrist shot by Steve Bernier.
7:01 of 2nd period - Stopped by Cory Schneider with a rebound.
7:03 of 2nd period - Slapshot by Mark Letestu.
7:03 of 2nd period - Deflect By Bryan Bickell.
7:03 of 2nd period - Stopped by Cory Schneider with a rebound.
7:10 of 2nd period - Penalty to Dainius Zubrus is over, Dainius Zubrus is back on ice.
8:18 of 2nd period - Slapshot by Joffrey Lupul.
8:18 of 2nd period - Stopped by Cory Schneider without a rebound.
8:19 of 2nd period - Brandon Sutter wins face-off versus Joffrey Lupul in MapleLeafs zone.
8:32 of 2nd period - Snap shot by Patrick Sharp.
8:32 of 2nd period - Stopped by Anton Forsberg with a rebound.
8:34 of 2nd period - Wrist shot by Brandon Sutter.
8:34 of 2nd period - Stopped by Anton Forsberg without a rebound.
8:35 of 2nd period - Bryan Bickell wins face-off versus Brandon Sutter in RedWings zone.
8:37 of 2nd period - Minor Penalty to Mark Pysyk for Hooking.
8:38 of 2nd period - Mikko Koivu wins face-off versus Jamie McGinn in RedWings zone.
9:19 of 2nd period - Andrew Shaw is hit by Drew Doughty and loses puck.
10:00 of 2nd period - Andrew Shaw is hit by Drew Doughty.
10:35 of 2nd period - Snap shot by Steve Bernier.
10:35 of 2nd period - Deflect By Mark Letestu.
10:35 of 2nd period - Stopped by Cory Schneider without a rebound.
10:36 of 2nd period - Mikko Koivu wins face-off versus Mark Letestu in MapleLeafs zone.
10:37 of 2nd period - Penalty to Mark Pysyk is over, Mark Pysyk is back on ice.
11:44 of 2nd period - Minor Penalty to Adam Burish for Hooking.
11:45 of 2nd period - Brandon Sutter wins face-off versus Jamie McGinn in RedWings zone.
11:55 of 2nd period - Wrist shot by Patrick Sharp.
11:55 of 2nd period - Shot Blocked by Zach Redmond.
11:57 of 2nd period - Snap shot by Brandon Sutter.
11:57 of 2nd period - Shot Hit the Post.
11:59 of 2nd period - Slapshot by Marc-Edouard Vlasic.
11:59 of 2nd period - Shot Misses the Net.
12:01 of 2nd period - Wrist shot by Patrick Sharp.
12:01 of 2nd period - Stopped by Anton Forsberg with a rebound.
12:15 of 2nd period - Mark Pysyk is hit by Drew Doughty and loses puck.
12:20 of 2nd period - Snap shot by James Neal.
12:20 of 2nd period - Goal by James Neal - RedWings : 1 - MapleLeafs : 4.
12:21 of 2nd period - Dainius Zubrus wins face-off versus Joffrey Lupul in neutral zone.
12:34 of 2nd period - Snap shot by Joffrey Lupul.
12:34 of 2nd period - Shot Blocked by Dainius Zubrus.
12:36 of 2nd period - Slapshot by Eric Gryba.
12:36 of 2nd period - Stopped by Cory Schneider without a rebound.
12:37 of 2nd period - Dainius Zubrus wins face-off versus Joffrey Lupul in MapleLeafs zone.
13:31 of 2nd period - Chris VandeVelde is hit by Dan Girardi and loses puck.
13:35 of 2nd period - Minor Penalty to Drew Doughty for Hooking.
13:36 of 2nd period - Brandon Sutter wins face-off versus Mark Letestu in MapleLeafs zone.
14:26 of 2nd period - Snap shot by Brandon Sutter.
14:26 of 2nd period - Stopped by Anton Forsberg with a rebound.
14:38 of 2nd period - Brandon Sutter is hit by Joffrey Lupul and loses puck.
14:49 of 2nd period - Karl Alzner is hit by Jamie McGinn and loses puck.
15:00 of 2nd period - Dominic Moore is hit by Steve Bernier and loses puck.
15:31 of 2nd period - Snap shot by Joffrey Lupul.
15:31 of 2nd period - Shot Misses the Net.
15:33 of 2nd period - Slapshot by Zach Redmond.
15:33 of 2nd period - Shot Misses the Net.
15:35 of 2nd period - Penalty to Drew Doughty is over, Drew Doughty is back on ice.
15:35 of 2nd period - Snap shot by Jamie McGinn.
15:35 of 2nd period - Shot Hit the Post.
15:53 of 2nd period - Erik Gudbranson is hit by Zach Redmond and loses puck.
16:02 of 2nd period - Wrist shot by Mikko Koivu.
16:02 of 2nd period - Stopped by Anton Forsberg with a rebound.
16:04 of 2nd period - Snap shot by Morgan Rielly.
16:04 of 2nd period - Shot Misses the Net.
16:06 of 2nd period - Slapshot by Morgan Rielly.
16:06 of 2nd period - Deflect By James van Riemsdyk.
16:06 of 2nd period - Stopped by Anton Forsberg with a rebound.
16:08 of 2nd period - Slapshot by Erik Gudbranson.
16:08 of 2nd period - Shot Blocked by Chris VandeVelde.
16:46 of 2nd period - Jyrki Jokipakka is hit by Marc-Edouard Vlasic and loses puck.
17:10 of 2nd period - Snap shot by Steve Bernier.
17:10 of 2nd period - Deflect By Mark Letestu.
17:10 of 2nd period - Shot Misses the Net.
17:10 of 2nd period - Puck is out of play.
17:11 of 2nd period - Mark Letestu wins face-off versus Dainius Zubrus in MapleLeafs zone.
17:28 of 2nd period - Wrist shot by Justin Williams.
17:28 of 2nd period - Stopped by Anton Forsberg without a rebound.
17:29 of 2nd period - Dainius Zubrus wins face-off versus Joffrey Lupul in RedWings zone.
18:19 of 2nd period - Tomas Jurco is hit by Dan Girardi and loses puck.
18:38 of 2nd period - Brian Gibbons is hit by Drew Doughty.
18:53 of 2nd period - Mark Letestu is hit by Drew Doughty.
19:11 of 2nd period - Snap shot by Justin Williams.
19:11 of 2nd period - Shot Blocked by Mark Letestu.
19:13 of 2nd period - Slapshot by Marc-Edouard Vlasic.
19:13 of 2nd period - Deflect By Steve Bernier.
19:13 of 2nd period - Stopped by Anton Forsberg with a rebound.
19:15 of 2nd period - Snap shot by Justin Williams.
19:15 of 2nd period - Goal by Justin Williams - RedWings : 1 - MapleLeafs : 5.
19:16 of 2nd period - Joffrey Lupul wins face-off versus Patrick Sharp in neutral zone.
Goals for this period are 0 for RedWings vs 3 for MapleLeafs.
Shots for this period are 7 for RedWings vs 14 for MapleLeafs.

3rd period


0:01 of 3rd period - James van Riemsdyk wins face-off versus Joffrey Lupul in neutral zone.
0:14 of 3rd period - Slapshot by Aaron Ekblad.
0:14 of 3rd period - Shot Blocked by Drew Doughty.
0:16 of 3rd period - Slapshot by Aaron Ekblad.
0:16 of 3rd period - Deflect By Jamie McGinn.
0:16 of 3rd period - Shot Misses the Net.
0:16 of 3rd period - Puck is out of play.
0:17 of 3rd period - Mikko Koivu wins face-off versus Joffrey Lupul in MapleLeafs zone.
0:38 of 3rd period - Snap shot by Jamie McGinn.
0:38 of 3rd period - Stopped by Cory Schneider with a rebound.
0:40 of 3rd period - Snap shot by Joffrey Lupul.
0:40 of 3rd period - Shot Blocked by Dan Girardi.
0:42 of 3rd period - Slapshot by Aaron Ekblad.
0:42 of 3rd period - Shot Blocked by Dan Girardi.
0:44 of 3rd period - Slapshot by Aaron Ekblad.
0:44 of 3rd period - Shot Misses the Net.
0:53 of 3rd period - Icing by Dan Girardi.
0:54 of 3rd period - Mikko Koivu wins face-off versus Mark Letestu in MapleLeafs zone.
1:17 of 3rd period - Wrist shot by Patrick Sharp.
1:17 of 3rd period - Deflect By Brandon Sutter.
1:17 of 3rd period - Shot Blocked by Zach Redmond.
1:17 of 3rd period - Puck is out of play.
1:18 of 3rd period - Brandon Sutter wins face-off versus Brian Gibbons in RedWings zone.
1:30 of 3rd period - Snap shot by Tomas Jurco.
1:30 of 3rd period - Shot Blocked by Marc-Edouard Vlasic.
1:32 of 3rd period - Snap shot by Brian Gibbons.
1:32 of 3rd period - Shot Blocked by Marc-Edouard Vlasic.
1:55 of 3rd period - Slapshot by Aaron Ekblad.
1:55 of 3rd period - Shot Blocked by Bobby Ryan.
2:50 of 3rd period - Slapshot by Bryan Bickell.
2:50 of 3rd period - Shot Misses the Net.
2:52 of 3rd period - Snap shot by Mark Letestu.
2:52 of 3rd period - Stopped by Cory Schneider without a rebound.
2:53 of 3rd period - Mark Letestu wins face-off versus Mikko Koivu in MapleLeafs zone.
2:54 of 3rd period - Wrist shot by Steve Bernier.
2:54 of 3rd period - Stopped by Cory Schneider with a rebound.
3:29 of 3rd period - Slapshot by James Neal.
3:29 of 3rd period - Shot Blocked by Jyrki Jokipakka.
3:31 of 3rd period - Slapshot by Drew Doughty.
3:31 of 3rd period - Stopped by Anton Forsberg without a rebound.
3:32 of 3rd period - Brian Gibbons wins face-off versus Dainius Zubrus in RedWings zone.
3:32 of 3rd period - Brian Gibbons is hit by Dominic Moore.
3:44 of 3rd period - Backhand shot by Aaron Ekblad.
3:44 of 3rd period - Deflect By Tomas Jurco.
3:44 of 3rd period - Stopped by Cory Schneider with a rebound.
3:54 of 3rd period - Snap shot by Tomas Jurco.
3:54 of 3rd period - Shot Misses the Net.
3:56 of 3rd period - Slapshot by Aaron Ekblad.
3:56 of 3rd period - Stopped by Cory Schneider without a rebound.
3:57 of 3rd period - Shawn Matthias wins face-off versus Joffrey Lupul in MapleLeafs zone.
3:57 of 3rd period - Shawn Matthias is hit by Andrew Shaw.
4:09 of 3rd period - Snap shot by Andrew Shaw.
4:09 of 3rd period - Stopped by Cory Schneider without a rebound.
4:10 of 3rd period - Shawn Matthias wins face-off versus Joffrey Lupul in MapleLeafs zone.
4:23 of 3rd period - Slapshot by Drew Doughty.
4:23 of 3rd period - Stopped by Anton Forsberg without a rebound.
4:24 of 3rd period - Mark Letestu wins face-off versus Dainius Zubrus in RedWings zone.
4:53 of 3rd period - Icing by Justin Williams.
4:54 of 3rd period - Joffrey Lupul wins face-off versus Dainius Zubrus in MapleLeafs zone.
5:27 of 3rd period - Wrist shot by Jamie McGinn.
5:27 of 3rd period - Stopped by Cory Schneider with a rebound.
5:37 of 3rd period - Minor Penalty to Mikko Koivu for Slashing.
5:38 of 3rd period - Mark Letestu wins face-off versus Brandon Sutter in MapleLeafs zone.
5:39 of 3rd period - Backhand shot by Aaron Ekblad.
5:39 of 3rd period - Shot Misses the Net.
5:41 of 3rd period - Snap shot by Mark Letestu.
5:41 of 3rd period - Stopped by Cory Schneider with a rebound.
6:37 of 3rd period - Joffrey Lupul is hit by Drew Doughty and loses puck.
7:21 of 3rd period - Joffrey Lupul is hit by Bobby Ryan and loses puck.
7:36 of 3rd period - Slapshot by Justin Williams.
7:36 of 3rd period - Deflect By Bobby Ryan.
7:36 of 3rd period - Shot Misses the Net.
7:36 of 3rd period - Puck is out of play.
7:37 of 3rd period - Penalty to Mikko Koivu is over, Mikko Koivu is back on ice.
7:37 of 3rd period - Mikko Koivu wins face-off versus Brian Gibbons in RedWings zone.
7:38 of 3rd period - Wrist shot by James Neal.
7:38 of 3rd period - Stopped by Anton Forsberg with a rebound.
8:43 of 3rd period - Wrist shot by Bryan Bickell.
8:43 of 3rd period - Shot Blocked by Erik Gudbranson.
9:11 of 3rd period - Ryan White is hit by Erik Gudbranson and loses puck.
9:20 of 3rd period - Wrist shot by Patrick Sharp.
9:20 of 3rd period - Shot Blocked by Jakub Kindl.
9:42 of 3rd period - Snap shot by Steve Bernier.
9:42 of 3rd period - Stopped by Cory Schneider with a rebound.
9:44 of 3rd period - Slapshot by Zach Redmond.
9:44 of 3rd period - Shot Blocked by Marc-Edouard Vlasic.
11:12 of 3rd period - Mark Letestu is hit by Dainius Zubrus and loses puck.
11:23 of 3rd period - Snap shot by Steve Bernier.
11:23 of 3rd period - Goal by Steve Bernier - RedWings : 2 - MapleLeafs : 5.
11:24 of 3rd period - Mikko Koivu wins face-off versus Brian Gibbons in neutral zone.
11:55 of 3rd period - Snap shot by Tomas Jurco.
11:55 of 3rd period - Shot Misses the Net.
12:15 of 3rd period - Jakub Kindl is hit by Dainius Zubrus and loses puck.
12:22 of 3rd period - Snap shot by Justin Williams.
12:22 of 3rd period - Goal by Justin Williams - RedWings : 2 - MapleLeafs : 6.
12:23 of 3rd period - Mark Letestu wins face-off versus Dominic Moore in neutral zone.
12:49 of 3rd period - Snap shot by Dominic Moore.
12:49 of 3rd period - Shot Misses the Net.
13:26 of 3rd period - Wrist shot by James van Riemsdyk.
13:26 of 3rd period - Shot Blocked by Tomas Jurco.
13:32 of 3rd period - Mikko Koivu is hit by Zach Redmond and loses puck.
14:05 of 3rd period - Snap shot by Bobby Ryan.
14:05 of 3rd period - Shot Blocked by Jakub Kindl.
14:07 of 3rd period - Wrist shot by Marc-Edouard Vlasic.
14:07 of 3rd period - Shot Misses the Net.
14:09 of 3rd period - Slapshot by Morgan Rielly.
14:09 of 3rd period - Shot Misses the Net.
14:11 of 3rd period - Slapshot by Morgan Rielly.
14:11 of 3rd period - Stopped by Anton Forsberg without a rebound.
14:12 of 3rd period - Dainius Zubrus wins face-off versus Joffrey Lupul in RedWings zone.
14:12 of 3rd period - Eric Gryba beats up Erik Gudbranson.
14:12 of 3rd period - Penalty to Erik Gudbranson for Fighting.
14:12 of 3rd period - Penalty to Eric Gryba for Fighting.
14:13 of 3rd period - Dainius Zubrus wins face-off versus Joffrey Lupul in RedWings zone.
14:22 of 3rd period - Backhand shot by Aaron Ekblad.
14:22 of 3rd period - Deflect By Andrew Shaw.
14:22 of 3rd period - Stopped by Cory Schneider with a rebound.
14:24 of 3rd period - Slapshot by Jakub Kindl.
14:24 of 3rd period - Shot Blocked by Dominic Moore.
14:26 of 3rd period - Snap shot by Jamie McGinn.
14:26 of 3rd period - Stopped by Cory Schneider without a rebound.
14:27 of 3rd period - Dainius Zubrus wins face-off versus Joffrey Lupul in MapleLeafs zone.
15:12 of 3rd period - Steve Bernier is hit by Dan Girardi and loses puck.
15:19 of 3rd period - Brandon Sutter is hit by Steve Bernier and loses puck.
15:24 of 3rd period - Snap shot by Steve Bernier.
15:24 of 3rd period - Shot Misses the Net.
15:32 of 3rd period - Snap shot by Steve Bernier.
15:32 of 3rd period - Goal by Steve Bernier - RedWings : 3 - MapleLeafs : 6.
15:33 of 3rd period - Mikko Koivu wins face-off versus Brian Gibbons in neutral zone.
16:45 of 3rd period - Bobby Ryan is hit by Andrew Shaw and loses puck.
17:22 of 3rd period - Slapshot by Justin Williams.
17:22 of 3rd period - Stopped by Anton Forsberg with a rebound.
17:24 of 3rd period - Snap shot by Justin Williams.
17:24 of 3rd period - Shot Misses the Net.
18:35 of 3rd period - Slapshot by Tomas Jurco.
18:35 of 3rd period - Shot Misses the Net.
18:57 of 3rd period - Drew Doughty is hit by Zach Redmond and loses puck.
19:22 of 3rd period - Snap shot by Bryan Bickell.
19:22 of 3rd period - Shot Misses the Net.
19:26 of 3rd period - Wrist shot by Mark Letestu.
19:26 of 3rd period - Stopped by Cory Schneider without a rebound.
19:27 of 3rd period - Mark Letestu wins face-off versus Dainius Zubrus in MapleLeafs zone.
19:32 of 3rd period - Wrist shot by Steve Bernier.
19:32 of 3rd period - Deflect By Bryan Bickell.
19:32 of 3rd period - Stopped by Cory Schneider without a rebound.
19:33 of 3rd period - Dominic Moore wins face-off versus Mark Letestu in MapleLeafs zone.
19:40 of 3rd period - Eric Gryba is hit by Dainius Zubrus and loses puck.
Goals for this period are 2 for RedWings vs 1 for MapleLeafs.
Shots for this period are 15 for RedWings vs 6 for MapleLeafs.